 Dungeon Crawl Stone Soup version 0.31-a0-229-g1fc7ce93e2 (webtiles) character file.

Game seed: 8424914925987716692

117 qw the Shooter (level 5, -7/30 HPs)
             Began as a Gargoyle Hexslinger on July 6, 2023.
             Mangled by an orc
             ... wielding a +1 dagger of distortion
              (18 damage)
             ... on level 3 of the Dungeon.
             The game lasted 00:00:42 (1361 turns).

qw the Shooter (Gargoyle Hexslinger)                Turns: 1361, Time: 00:00:43

Health: -7/30      AC:  9    Str: 11    XL:     5   Next: 1%
Magic:  6/6        EV:  8    Int: 14    God:
Gold:   82         SH:  5    Dex: 14    Spells: 5/6 levels left

rFire   . . .        Y - +2 sling
rCold   . . .        (no shield)
rNeg    + . .        b - +0 leather armour
rPois   inf          (no helmet)
rElec   +            (no cloak)
rCorr   .            h - +1 pair of gloves
SInv    .            (no boots)
Will    .....        e - amulet of reflection
Stlth   +            (no ring)
HPRegen 0.25/turn    (no ring)
MPRegen 0.10/turn

%: reflection
@: constricted
A: sickness immunity, AC +4, negative energy resistance 1, electricity
resistance, torment resistance 1, petrification resistance
a: no special abilities


You were on level 3 of the Dungeon.
You visited 1 branch of the dungeon, and saw 3 of its levels.

You collected 82 gold pieces.


Innate Abilities, Weirdness & Mutations

You are immune to sickness and miasma.
Your stone body is resilient. (AC +4)
You are immune to poison.
You resist negative energy. (rN+)
You are resistant to electric shocks. (rElec)
You are resistant to unholy torment.
You are immune to petrification.


   Skills:
 - Level 2.0 Fighting
 + Level 4.7 Ranged Weapons
 - Level 1.5 Dodging
 - Level 1.0 Spellcasting
 - Level 2.6 Hexes


You had 5 spell levels left.
You knew the following spells:

 Your Spells              Type           Power      Damage    Failure   Level
a - Slow                  Hex            32%        N/A       12%         1

Your spell library contained the following spells:

 Spells                   Type           Power      Damage    Failure   Level
 Inner Flame              Hex/Fire       4%         N/A       52%         3
 Portal Projectile        Hex/Tloc       8%         N/A       52%         3
 Cause Fear               Hex            4%         N/A       75%         4

Inventory:

Hand Weapons
 Y - a +2 sling (weapon)
Armour
 b - a +0 leather armour (worn)
 h - a +1 pair of gloves (worn)
Jewellery
 e - an amulet of reflection (around neck)
Potions
 a - a potion of berserk rage {unknown}
 d - a potion of curing {unknown}
 g - a potion of heal wounds

Dungeon Overview and Level Annotations

Branches:
Dungeon (3/15)

Altars:

Shops:
D:1 (


Message History

The ufetubus hits you but does no damage.
The ufetubus closely misses you. The goblin hits you but does no damage.
The rat bites you but does no damage.
The orc priest moves out of view.
You shoot a sling bullet. The sling bullet misses the ufetubus.
The ufetubus barely misses you. x2; The rat bites you but does no damage.
The goblin hits you but does no damage. You block the ufetubus's attack.
The ufetubus closely misses you.
You shoot a sling bullet. The orc priest shouts!
The sling bullet hits the ufetubus.
The ufetubus is severely wounded.
The ufetubus hits you. The ufetubus closely misses you.
You block the rat's attack. The goblin hits you but does no damage.
You shoot a sling bullet. The sling bullet hits the ufetubus.
You kill the ufetubus!
The rat bites you but does no damage. The goblin hits you with a +0 club.
A ball python comes into view.
The ball python closely misses you. The ball python misses you.
You have reached level 5!
You shoot a sling bullet.
The sling bullet completely misses the rat.
The rat closely misses you. The goblin barely misses you.
The ball python bites you. The ball python grabs you.
The ball python constricts you.
You shoot a sling bullet. The sling bullet hits the ball python.
You kill the ball python!
The rat closely misses you. The goblin closely misses you.
The rat closely misses you. The goblin hits you with a +0 club.
You shoot a sling bullet. The sling bullet hits the rat.
You kill the rat!
The ball python bites you. The ball python grabs you.
The ball python constricts you. The goblin hits you but does no damage.
You shoot a sling bullet.
The sling bullet closely misses the ball python.
The ball python bites you but does no damage.
The ball python constricts you.
The orc hits you with a +1 dagger of distortion.
Space warps horribly around you!!
Ouch! That really hurt!
You die...

#.# ... . #.# #.
#.# ... #.# .. #.#
#.#.## #.#
#....o###.## ######
.#g@....# #.....
#.SoS.##..###
#.####
#.###.......# #.#
..
#.#.....#####.### .
#...............#
..........#####.#.#
.#........# #.#.##
........### #.....
.#####.## ###.##


You could see an orc priest, an orc, a goblin and 2 ball pythons.

Vanquished Creatures
  An iguana (D:3)
  2 adders
  An ufetubus (D:3)
  2 worms (D:2)
  4 dart slugs
  6 endoplasms
  2 giant cockroaches (D:1)
  4 goblins
  9 hobgoblins
  A quokka (D:2)
  4 ball pythons
  5 bats
  6 frilled lizards
  4 kobolds
  5 rats
56 creatures vanquished.

Notes
Turn   | Place    | Note
-------+----------+-------------------------------------------
     0 | D:1      | qw the Gargoyle Hexslinger began the quest for the Orb.
     0 | D:1      | Reached XP level 1. HP: 12/12 MP: 2/2
     0 | D:1      | 0 ||| qw: Version: 0.3-a-46-gb1f654a
     0 | D:1      | 0 ||| qw: Game counter: 1610
     0 | D:1      | 0 ||| qw: Melee chars always use a shield: true
     0 | D:1      | 0 ||| qw: God list: Okawaru
     0 | D:1      | 0 ||| qw: Allow faded altars: false
     0 | D:1      | 0 ||| qw: Do Orc after clearing Dungeon:15 true
     0 | D:1      | 0 ||| qw: Do second Lair branch before Depths: true
     0 | D:1      | 0 ||| qw: Lair rune preference: random
     0 | D:1      | 0 ||| qw: Goals: Normal
     0 | D:1      | 0 ||| PLANNING D:1-11
    89 | D:1      | Found Sabbev's Weapon Emporium.
    93 | D:1      | Reached XP level 2. HP: 16/16 MP: 3/3
   126 | D:1      | 126 ||| FLEEEEING.
   127 | D:1      | 127 ||| FLEEEEING.
   158 | D:1      | Reached skill level 3 in Ranged Weapons
   312 | D:1      | Reached XP level 3. HP: 21/21 MP: 4/4
   496 | D:1      | 496 ||| UPGRADING to amulet of reflection.
   501 | D:1      | 501 ||| READING scroll labelled MAELOL HOSHROT.
   502 | D:1      | 502 ||| READING scroll labelled GUTWINW QUAG.
   503 | D:1      | 503 ||| DROPPING scroll of poison.
   643 | D:2      | Reached XP level 4. HP: 25/26 MP: 5/5
   795 | D:2      | Reached skill level 4 in Ranged Weapons
  1168 | D:2      | 1168 ||| UPGRADING to +0 leather armour.
  1178 | D:2      | 1178 ||| DROPPING +0 robe.
  1179 | D:2      | 1179 ||| UPGRADING to +1 pair of gloves.
  1184 | D:2      | 1184 ||| READING scroll labelled EHOSAQ OTREYWY.
  1358 | D:3      | Reached XP level 5. HP: 18/30 MP: 6/6
  1361 | D:3      | Mangled by an orc

Levels and vault maps discovered:
D:1:      amcnicky_arrival_gap_in_the_tavern_cellar, layout_basic, serial_shops,
          nicolae_shop_bloodbath_and_beyond
D:2:      layout_basic, serial_glass, glass_columns_a, glass_columns_a
D:3:      layout_loops_corners, nicolae_overflow_macrodata_refinement,
          gammafunk_ghost_grave, minmay_fractal_squares_5

Skill      XL: |  1  2  3  4 |
---------------+-------------+-----
Ranged Weapons | 3 4 |  4.7
Fighting       | 2 |  2.0
Dodging        | |  1.5
Spellcasting   | |  1.0
Hexes          | |  2.6

Action                     |  1- 3 |  4- 6 || total
---------------------------+-------+-------++-------
   Fire: Sling             |   119 |    69 ||   188
    Use: Scroll            |     2 |     1 ||     3
 Armour: Robe              |    16 |     1 ||    17
         Leather armour    |       |    20 ||    20
  Dodge: Dodged            |    38 |    40 ||    78
  Block: Other             |     4 |    10 ||    14
         Reflection        |     1 |       ||     1

Table legend:
 A = Non-vault XP
 B = Vault XP
 C = Vault XP percentage of total XP
 D = Non-vault monster count
 E = Vault monster count
 F = Vault count percentage of total count
                 A         B        C        D         E       F
            +---------+---------+-------+---------+---------+-------
      Total |     144 |      24 |  14.3 |      52 |       4 |   7.1
            +---------+---------+-------+---------+---------+-------
        D:1 |      51 |       0 |   0.0 |      29 |       0 |   0.0
        D:2 |      51 |       0 |   0.0 |      18 |       0 |   0.0
        D:3 |      42 |      24 |  36.4 |       5 |       4 |  44.4
            +---------+---------+-------+---------+---------+-------
